 Dungeon Crawl Stone Soup version 0.21-a0-450-gd87a9b2 (webtiles) character file.

10353 Salmacis the Cleaver (level 11, -3/101 HPs)
             Began as a Hill Orc Fighter on Nov 18, 2017.
             Was a Priest of Dithmenos.
             Slain by a seven-headed hydra (9 damage)
             ... on level 1 of the Lair of Beasts.
             The game lasted 00:31:29 (10849 turns).

Salmacis the Cleaver (Hill Orc Fighter)            Turns: 10849, Time: 00:31:30

Health: -3/101     AC: 20    Str: 21    XL:     11   Next: 60%
Magic:  22/22      EV:  7    Int:  8    God:    Dithmenos [***...]
Gold:   543        SH:  0    Dex: 12    Spells: 10/10 levels left

rFire    . . .     SeeInvis .   h - +2 war axe (holy)
rCold    . . .     Gourm    .   c - +0 shield
rNeg     . . .     Faith    .   Q - +3 chain mail
rPois    .         Spirit   .   m - +0 helmet
rElec    .         Reflect  .   (no cloak)
rCorr    .         Harm     .   D - +1 pair of gloves
MR       .....                  I - +1 pair of boots {Fly}
Stlth    ..........             x - amulet of regeneration
HPRegen  0.66/turn              o - ring of wizardry
MPRegen  0.18/turn              z - ring of magical power

@: confused, flying, very slightly contaminated, slowed, wreathed by umbra, very
slow
A: no striking features
a: Shadow Step, Renounce Religion, Stop Flying


You were on level 1 of the Lair of Beasts.
You worshipped Dithmenos.
Dithmenos was most pleased with you.
You were not hungry.

You visited 2 branches of the dungeon, and saw 12 of its levels.

You collected 823 gold pieces.
You spent 280 gold pieces at shops.

Inventory:

Hand Weapons
 a - a +0 war axe
 h - a +2 war axe of holy wrath (weapon)
 y - a +0 trident of protection
Armour
 b - a +0 scale mail
 c - a +0 shield (worn)
 m - a +0 helmet (worn)
 D - a +1 pair of gloves (worn)
 G - the +4 ring mail of Suiruy {rPois rC- rCorr Stlth-}
   (You found it on level 5 of the Dungeon)

   It makes you vulnerable to cold.
   It protects you from poison.
   It protects you from acid and corrosion.
   It makes you less stealthy.
 I - a +1 pair of boots of flying (worn)
 Q - a +3 chain mail (worn)
Jewellery
 e - an uncursed amulet of guardian spirit
 o - a ring of wizardry (left hand)
 v - an uncursed ring of wizardry
 x - an amulet of regeneration (around neck)
 z - a ring of magical power (right hand)
Wands
 B - a wand of iceblast (14/15)
 E - a wand of acid (6/15)
 H - a wand of confusion (23/48)
 N - a wand of paralysis (12/24)
 T - a wand of acid (6/15)
Scrolls
 j - 5 scrolls of blinking
 n - 5 scrolls of teleportation
 r - 4 scrolls of remove curse
 s - a scroll of noise
 t - a scroll of fog
 L - a scroll of fear
 R - a scroll of recharging
Potions
 d - a potion of might
 i - a potion of invisibility
 l - a potion of magic
 q - 3 potions of agility
 u - 2 potions of berserk rage
 w - 5 potions of heal wounds
 A - 4 potions of curing
 F - a potion of brilliance
 K - a potion of lignification
 M - a potion of haste
 P - a potion of flight
Books
 C - a book of Unlife

   Spells                             Type                      Level
   a - Recall                         Summoning/Translocation      3
   b - Animate Dead                   Necromancy                   4
   c - Control Undead                 Necromancy                   4
   d - Cigotuvi's Embrace             Necromancy                   5
   e - Death Channel                  Necromancy                   6
   f - Simulacrum                     Ice/Necromancy               6
 J - a book of Frost

   Spells                             Type                      Level
   a - Freeze                         Ice                          1
   b - Throw Frost                    Conjuration/Ice              2
   c - Ozocubu's Armour               Charms/Ice                   3
   d - Throw Icicle                   Conjuration/Ice              4
   e - Summon Ice Beast               Ice/Summoning                4
Comestibles
 f - 5 bread rations
 g - a chunk of flesh
 k - 5 royal jellies
 p - 6 meat rations


   Skills:
 - Level 10.9 Fighting
 + Level 11.7 Axes
 - Level 10.0 Armour
 + Level 2.4 Stealth
 - Level 10.0 Shields
 + Level 3.0 Invocations
 + Level 2.2 Evocations


You had 10 spell levels left.
You didn't know any spells.

Dungeon Overview and Level Annotations

Branches:
Dungeon (11/15)            Temple (0/1) D:7            Lair (1/6) D:8
    Orc (0/2) D:10

Altars:
Ashenzari
Cheibriados
Dithmenos
Elyvilon
Fedhas
Gozag
Kikubaaqudgha
Makhleb
Uskayaw
Wu Jian
Xom
The Shining One

Shops:
D:4 %   D:8 [   D:9 *

Annotations:
Lair:1 Erica


Message History

Wield which item (- for none, * to show all)? (? for menu, Esc to quit)
Okay, then.
Okay, then.
Something tries to affect you, but you resist.
You are confused.
The seven-headed hydra bites you but does no damage. x3
The seven-headed hydra bites you.
* * * LOW HITPOINT WARNING * * *
The seven-headed hydra bites you but does no damage. x2
The seven-headed hydra bites you.
* * * LOW HITPOINT WARNING * * *
There is a staircase back to the Dungeon here.
The seven-headed hydra bites you but does no damage. x3
The seven-headed hydra bites you.
* * * LOW HITPOINT WARNING * * *
The seven-headed hydra bites you!
* * * LOW HITPOINT WARNING * * *
The seven-headed hydra bites you but does no damage.
The seven-headed hydra bites you!
You die...

#. ..# #.#..# .#(.#
....# > ... #...# P##.#
##...## ...# #..#..#
#..# #@D.# #..#
#######...###### #..###
#.........t....# #..#.#
#.#..#....{....####.(...
#.##.#....###...##...##.
#.##.......##).#........
#).#.......#P.....#.....
#.#.............#...###.
#.........##.#.##P.## ##


You could see a seven-headed hydra and a crocodile.

Vanquished Creatures
  A two-headed ogre (D:10)
  A centaur warrior (D:11)
  An ugly thing (D:10)
  2 gargoyles (D:10)
  A hornet (D:7)
  A wyvern (D:10)
  10 yaks (D:10)
  A steam dragon (D:9)
  2 hungry ghosts
  A two-headed ogre zombie (D:10)
  A porcupine (Lair:1)
  2 eyes of draining (D:10)
  4 sky beasts
  2 black bears
  An orc warrior (D:8)
  5 phantoms
  3 ice beasts
  8 ogres
  A necrophage (D:7)
  5 centaurs
  A crocodile (D:7)
  2 big kobolds (D:10)
  4 bullfrogs
  3 scorpions
  2 troll zombies (D:10)
  9 wights
  3 howler monkeys
  7 crimson imps
  A bullfrog zombie (D:6)
  4 centaur zombies
  4 hounds
  4 orc priests
  4 jellies
  A centaur skeleton (D:11)
  3 bullfrog skeletons
  6 orc wizards
  5 worker ants
  5 ogre zombies (D:10)
  A hound zombie (D:3)
  2 hound skeletons
  2 worker ant zombies
  3 gnolls (D:4)
  A howler monkey zombie (D:7)
  12 adders
  2 shadow imps
  An ooze (D:4)
  An adder skeleton (D:4)
  3 worms (D:2)
  2 dart slugs
  11 leopard geckos
  25 orcs
  4 ball pythons
  4 giant cockroaches
  10 goblins
  4 hobgoblins
  4 jackals (D:1)
  5 quokkas
  4 bats
  5 frilled lizards
  2 goblin skeletons (D:10)
  A goblin zombie (D:10)
  2 hobgoblin skeletons (D:10)
  6 hobgoblin zombies (D:10)
  9 kobolds
  2 orc skeletons (D:10)
  12 orc zombies (D:10)
  3 quokka skeletons
  10 rats
274 creatures vanquished.

Vanquished Creatures (others)
  A plant (D:4)
1 creature vanquished.

Grand Total: 275 creatures vanquished

Notes
Turn   | Place    | Note
-------+----------+-------------------------------------------
     0 | D:1      | Salmacis the Hill Orc Fighter began the quest for the Orb.
     0 | D:1      | Reached XP level 1. HP: 19/19 MP: 1/1
   346 | D:1      | Reached skill level 3 in Axes
   346 | D:1      | Reached XP level 2. HP: 23/27 MP: 2/2
   653 | D:1      | Reached XP level 3. HP: 33/33 MP: 3/3
  1311 | D:2      | Found an ornate altar of the Wu Jian Council.
  1370 | D:2      | Reached XP level 4. HP: 40/40 MP: 4/4
  1548 | D:2      | Reached skill level 4 in Axes
  1548 | D:2      | Reached XP level 5. HP: 39/47 MP: 5/5
  1815 | D:2      | Found an ancient bone altar of Kikubaaqudgha.
  2057 | D:3      | Reached XP level 6. HP: 19/55 MP: 2/6
  2060 | D:3      | Reached skill level 5 in Fighting
  2571 | D:4      | Found an opulent altar of Gozag.
  2571 | D:4      | Found Rutodim's Food Shop.
  2907 | D:4      | Reached skill level 5 in Axes
  2924 | D:4      | Reached skill level 5 in Shields
  2931 | D:4      | Reached skill level 5 in Armour
  2935 | D:4      | Reached XP level 7. HP: 42/61 MP: 5/7
  3481 | D:5      | Entered Level 5 of the Dungeon
  3493 | D:5      | Reached skill level 6 in Axes
  3526 | D:5      | Reached XP level 8. HP: 63/71 MP: 5/8
  3554 | D:5      | Found a blossoming altar of Fedhas.
  3973 | D:5      | Got a faintly humming ring mail
  3984 | D:5      | Identified the +4 ring mail of Suiruy {rPois rC- rCorr Stlth-} (You found it on level 5 of the Dungeon)
  4544 | D:6      | Reached skill level 7 in Axes
  4893 | D:6      | Reached XP level 9. HP: 69/79 MP: 7/9
  5129 | D:6      | Found a snail-covered altar of Cheibriados.
  5191 | D:6      | Found a white marble altar of Elyvilon.
  5199 | D:6      | Reached skill level 8 in Axes
  5206 | D:6      | Upgraded the game from 0.21-a0-444-g29a2fec to 0.21-a0-450-gd87a9b2
  5288 | D:6      | Found a glowing golden altar of the Shining One.
  5288 | D:6      | Found a shadowy altar of Dithmenos.
  5293 | D:6      | Became a worshipper of Dithmenos the Shadowed
  5902 | D:7      | Noticed a hornet
  5923 | D:7      | Killed a hornet
  6280 | D:7      | Found a staircase to the Ecumenical Temple.
  6445 | D:7      | Found a burning altar of Makhleb.
  6529 | D:7      | Reached skill level 9 in Axes
  6879 | D:8      | Found Elizin's Armour Shop.
  6940 | D:8      | Reached * piety under Dithmenos
  6944 | D:8      | Found a shimmering altar of Xom.
  7073 | D:8      | Found a staircase to the Lair.
  7103 | D:8      | Reached XP level 10. HP: 85/91 MP: 8/10
  7489 | D:9      | Found Ruruusar's General Store.
  7568 | D:9      | Bought a scroll of identify for 20 gold pieces
  7568 | D:9      | Bought a scroll of blinking for 75 gold pieces
  7568 | D:9      | Bought a potion of curing for 30 gold pieces
  7568 | D:9      | Bought a scroll of fear for 35 gold pieces
  7568 | D:9      | Bought a scroll of identify for 20 gold pieces
  7568 | D:9      | Bought a potion of haste for 100 gold pieces
  7824 | D:9      | Found a hide-covered altar of Uskayaw.
  7953 | D:9      | Found a shattered altar of Ashenzari.
  8297 | D:10     | Entered Level 10 of the Dungeon
  8297 | D:10     | Noticed a gargoyle
  8316 | D:10     | Killed a gargoyle
  8510 | D:10     | Found a staircase to the Orcish Mines.
  8553 | D:9      | Reached skill level 10 in Axes
  8627 | D:10     | Noticed a green ugly thing
  8652 | D:10     | Killed a green ugly thing
  8652 | D:10     | Reached ** piety under Dithmenos
  8652 | D:10     | Reached skill level 10 in Fighting
  8862 | D:10     | Noticed a gargoyle
  8866 | D:10     | Reached XP level 11. HP: 65/101 MP: 5/11
  8899 | D:10     | Reached skill level 11 in Axes
  9442 | D:10     | Reached skill level 10 in Shields
  9477 | D:10     | Reached *** piety under Dithmenos
  9480 | D:10     | Reached skill level 10 in Armour
  9480 | D:10     | Reached skill level 1 in Stealth
  9728 | D:11     | Noticed a two-headed ogre
  9729 | D:11     | Noticed a centaur warrior
  9732 | D:11     | Noticed a green ugly thing
  9732 | D:11     | Noticed a seven-headed hydra
 10167 | D:11     | Reached skill level 1 in Invocations
 10365 | D:10     | Killed a two-headed ogre
 10365 | D:10     | Reached skill level 1 in Evocations
 10529 | D:11     | Killed a centaur warrior
 10746 | Lair:1   | Entered Level 1 of the Lair of Beasts
 10775 | Lair:1   | Got an ancient rapier
 10776 | Lair:1   | Identified the +4 rapier of Temperance {elec, rPois rF+ rN++ MP-9} (You found it on level 1 of the Lair of Beasts)
 10821 | Lair:1   | Noticed Erica
 10822 | Lair:1   | Noticed a six-headed hydra
 10849 | Lair:1   | Slain by a seven-headed hydra

Vault maps used:
D:1:      giann_wishing_wells
D:2:      cheibrodos_pilgrimage, kiku_gazebo_garden_becter,
          lemuel_coloured_pillars_altar, first_bread, hex_intersection
D:3:      minmay_misc_feat_doors
D:4:      grunt_gozag_breadcrumbs, serial_shops,
          nicolae_shop_temple_entry_statues_fountains, nrook_loot_triangle,
          st_stairs_8, saegor_snake_ambush
D:5:      fedhas_bush_and_centaur_altar, st_stairs_10
D:6:      elyvilon_altar_3, kennysheep_mini_moat, gammafunk_temple_overflow_wave
D:7:      makhleb_blood_cavern_becter, minmay_temple_entry_fiery
D:8:      old_standard_altar, lair_entry_dummy, serial_shops,
          nicolae_shop_window_shopping
D:9:      eat_drink_and_be_merry_uskayaw, nicolae_ashenzari_panopticon,
          serial_shops, shop, grunt_ogre_cave,
          eino_small_chamber_without_monster
D:10:     zombieorc2_lemuel, lightli_fourway_metalbox
D:11:     okawaru_ov_weapons_minmay
Lair:1:   serial_bayou_shore_a, uniq_erica

Skill      XL: |  1  2  3  4  5  6  7  8  9 10 11 |
---------------+----------------------------------+-----
Axes           | 3 4 5 6 7 9 10 11 | 11.7
Fighting       | 4 5 6 7 9 10 | 10.9
Shields        | 4 5 6 8 9 10 | 10.0
Armour         | 4 5 6 8 9 10 | 10.0
Stealth        | 2 |  2.4
Invocations    | 3 |  3.0
Evocations     | 2 |  2.2

Action                   |  1- 3 |  4- 6 |  7- 9 | 10-12 || total
-------------------------+-------+-------+-------+-------++-------
Melee: War axe           |   122 |   196 |   327 |   413 ||  1058
  Use: Scroll            |       |     6 |     2 |    12 ||    20
       Potion            |       |       |     5 |     1 ||     6
  Eat: Chunk             |     2 |     5 |    10 |     8 ||    25
       Fruit             |       |       |     3 |       ||     3
       Bread ration      |       |       |     2 |     1 ||     3
       Royal jelly       |       |       |     1 |       ||     1
Armor: Scale mail        |    88 |    98 |    36 |       ||   222
       Ring mail         |       |       |    97 |    54 ||   151
       Chain mail        |       |       |       |   218 ||   218
Dodge: Dodged            |    48 |    89 |    90 |   134 ||   361
Block: Shield            |    62 |   116 |   137 |   227 ||   542

Table legend:
 A = Spawn XP
 B = Non-spawn XP
 C = Spawn XP percentage of total XP
 D = Spawn monster count
 E = Non-spawn monster count
 F = Spawn count percentage of total count
 G = Total turns spent on level
                    A         B        C        D         E        F      G
               +---------+---------+-------+---------+---------+-------+---------
         Total |       0 |   14790 |   0.0 |       0 |     274 |   0.0 | 10849
               +---------+---------+-------+---------+---------+-------+---------
           D:1 |       0 |      43 |   0.0 |       0 |      25 |   0.0 |   888
           D:2 |       0 |     140 |   0.0 |       0 |      29 |   0.0 |  1028
           D:3 |       0 |     156 |   0.0 |       0 |      16 |   0.0 |   610
           D:4 |       0 |     684 |   0.0 |       0 |      27 |   0.0 |   955
           D:5 |       0 |     604 |   0.0 |       0 |      14 |   0.0 |   816
           D:6 |       0 |    1288 |   0.0 |       0 |      24 |   0.0 |  1802
           D:7 |       0 |    1257 |   0.0 |       0 |      16 |   0.0 |   630
           D:8 |       0 |     624 |   0.0 |       0 |      13 |   0.0 |   776
           D:9 |       0 |     933 |   0.0 |       0 |      17 |   0.0 |   877
          D:10 |       0 |    7078 |   0.0 |       0 |      77 |   0.0 |  2094
          D:11 |       0 |    1748 |   0.0 |       0 |      14 |   0.0 |   270
        Lair:1 |       0 |     235 |   0.0 |       0 |       2 |   0.0 |   103
               +---------+---------+-------+---------+---------+-------+---------
